AoeStats
← NDF

Arabia

508104036Analyzed
2v2 RM · 11d ago on Sep 20, 2026· 60m 6s· 4 players
Game mode
Random Map
Map size
Medium (4 player)
Population
200
Speed
Normal
Resources
Standard
Victory
Conquest
Starting age
Dark Age
Ending age
Imperial Age
RankedLock teamsTeams togetherTeam positionsShared explorationLock speedFull tech treeHidden civsTurbo modeCheats
Victory
Defeat
🇵🇪 Celts · Peru
693
+18
🇺🇸 Saracens · United States
539
+24
🇦🇷 Teutons · Argentina
722
-21
🇦🇷 Spanish · Argentina
722
-21
.,
11:02 Feudal Age
12:56 Loom
15:56 Castle Age
14:09 Horse Collar
14:28 Double-Bit Axe
17:10 Bow Saw
17:03 Heavy Plow
23:33 Stone Mining
24:29 Wheelbarrow
24:12 Gold Mining
25:28 Hand Cart
25:46 Pikeman
30:52 Imperial Age
29:44 Scale Mail Armor
29:57 Forging
30:04 Stronghold
30:16 Treadmill Crane
30:47 Fortified Wall
32:02 Conscription
31:42 Capped Ram
35:00 Iron Casting
34:41 Chain Mail Armor
35:04 Ballistics
35:51 Stone Shaft Mining
35:52 Gold Shaft Mining
35:57 Furor Celtica
36:41 Halberdier
37:28 Arson
37:29 Gambesons
38:38 Plate Mail Armor
37:42 Siege Ram
38:07 Man-at-Arms
40:17 Long Swordsman
42:03 Blast Furnace
40:49 Two-Handed Swordsman
42:28 Champion
42:33 Heavy Scorpion
43:12 Fletching
43:22 Padded Archer Armor
44:17 Elite Woad Raider
51:50 Chemistry
50:40 Heated Shot
54:10 Herbal Medicine
56:23 Onager
demigod74
7:06 Loom
10:48 Feudal Age
11:18 Double-Bit Axe
11:16 Horse Collar
20:44 Castle Age
19:12 Gold Mining
19:46 Fletching
21:46 Heavy Plow
21:58 Bow Saw
22:03 Bodkin Arrow
23:35 Padded Archer Armor
24:32 Leather Archer Armor
24:50 Crossbowman
26:34 Gold Shaft Mining
27:36 Squires
29:07 Thumb Ring
29:45 Town Watch
30:56 Ballistics
31:31 Masonry
33:07 Scale Mail Armor
35:01 Chain Mail Armor
34:10 Pikeman
38:20 Imperial Age
36:28 Wheelbarrow
36:12 Murder Holes
36:56 Bimaristan
37:07 Forging
37:19 Bloodlines
37:10 Husbandry
37:33 Scale Barding Armor
36:57 Elite Skirmisher
39:07 Iron Casting
39:11 Hand Cart
40:11 Light Cavalry
42:03 Town Patrol
43:10 Chain Barding Armor
42:51 Bracer
42:16 Arbalester
46:26 Two-Man Saw
46:21 Ring Archer Armor
47:46 Fervor
47:57 Sanctity
48:21 Plate Barding Armor
48:48 Blast Furnace
50:37 Plate Mail Armor
52:08 Chemistry
51:33 Hussar
54:48 Siege Engineers
57:10 Conscription
NDF
2:52 Loom
12:30 Feudal Age
20:36 Castle Age
18:09 Man-at-Arms
18:58 Horse Collar
19:07 Double-Bit Axe
19:19 Gold Mining
20:21 Stone Mining
24:03 Stone Shaft Mining
24:41 Wheelbarrow
26:58 Elite Skirmisher
28:25 Forging
28:06 Fletching
30:33 Bow Saw
32:14 Heavy Plow
34:37 Bodkin Arrow
40:22 Imperial Age
42:10 Iron Casting
41:36 Padded Archer Armor
41:39 Scale Mail Armor
42:40 Masonry
44:02 Hoardings
43:34 Capped Ram
44:40 Ironclad
44:25 Heated Shot
44:56 Ballistics
46:51 Blast Furnace
46:07 Chain Mail Armor
48:10 Chemistry
48:33 Elite Teutonic Knight
51:10 Arson
51:25 Squires
50:46 Pikeman
53:40 Halberdier
54:52 Hand Cart
54:23 Town Watch
55:07 Sappers
57:57 Plate Mail Armor
57:33 Scale Barding Armor
57:44 Leather Archer Armor
estebanpa
12:49 Feudal Age
12:04 Loom
13:42 Double-Bit Axe
15:43 Horse Collar
19:17 Castle Age
17:12 Gold Mining
17:31 Stone Mining
18:40 Scale Barding Armor
20:02 Bloodlines
20:22 Heavy Plow
21:02 Stone Shaft Mining
21:36 Bow Saw
22:49 Chain Barding Armor
32:37 Imperial Age
29:43 Elite Skirmisher
32:33 Murder Holes
35:47 Heavy Cavalry Archer
36:36 Cavalier
38:00 Plate Barding Armor
37:28 Padded Archer Armor
37:18 Fletching
38:36 Two-Man Saw
39:13 Ballistics
41:32 Leather Archer Armor
41:12 Bodkin Arrow
43:08 Elite Conquistador
43:56 Inquisition
44:17 Supremacy
44:43 Paladin
50:06 Onager
54:18 Redemption
54:35 Illumination
54:26 Block Printing
54:57 Fervor
Connection lost

Rejoining the realm…

Still unreachable

The connection could not be restored.

Session expired

The server has moved on; the page needs a fresh start.